3L
SEATTLE AVIATORS @ THUNDER BAY NORTHERN LIONS BC
08/19/2025
 
TOP OF THE 1ST
Seattle Aviators batting - Pitching for Thunder Bay Northern Lions BC : RHP Jorge Castillo
Pitching: RHP Jorge Castillo
Batting: RHB John MacGregor 0-0: Called Strike
0-1: Ball
1-1: Ground out 5-3 (Groundball, 56)
Batting: LHB Tim Hargrove 0-0: Foul Ball, location: 2F
0-1: Ball
1-1: Foul Ball, location: 2F
1-2: Foul Ball, location: 2F
1-2: Ball
2-2: Foul Ball, location: 2F
2-2: Foul Ball, location: 2F
2-2: Ball
3-2: Base on Balls
Batting: RHB Jay Parker 0-0: Ball
1-0: Called Strike
Tim Hargrove steals 2nd base
1-1: Swinging Strike
1-2: Foul Ball, location: 2F
1-2: Strikes out swinging
Batting: LHB Kenny Webster 0-0: Called Strike
0-1: Ball
1-1: Ball
2-1: Foul Ball, location: 2F
2-2: Fly out, F7 (Flyball, 78S)
Top of the 1st over - 0 run(s), 0 hit(s), 0 error(s), 1 left on base; Seattle 0 - Thunder Bay 0
BOTTOM OF THE 1ST
Thunder Bay Northern Lions BC batting - Pitching for Seattle Aviators : RHP Ron Stone
Pitching: RHP Ron Stone
Batting: LHB David Smith 0-0: Ball
1-0: Ball
2-0: Ball
3-0: Base on Balls
Batting: LHB John Brewer 0-0: Ball
1-0: Ball
2-0: Ball
3-0: Called Strike
3-1: Foul Ball, location: 2F
3-2: Base on Balls
David Smith to second
Batting: SHB Carlos Rodríguez 0-0: Called Strike
0-1: Fly out, F8 (Flyball, 78M)
Batting: LHB Chris Gregory 0-0: Ball
1-0: Ball
2-0: Foul Ball, location: 2F
2-1: Foul Ball, location: 2F
2-2: Ball
3-2: Base on Balls
David Smith to third
John Brewer to second
Batting: RHB Robert O'Connor 0-0: Called Strike
0-1: Called Strike
0-2: SINGLE (Line Drive, 56)
David Smith scores
John Brewer to third
Chris Gregory to second
Runner from 3rd tries for Home, SAFE, throw made home
Batting: RHB Nathan Clay 0-0: Called Strike
0-1: Ball
1-1: Called Strike
1-2: Ground out 4-3 (Groundball, 4S)
Chris Gregory to third
Robert O'Connor to second
Batting: RHB Carlos Padilla 0-0: Ball
1-0: DOUBLE (Line Drive, 7LM)
Chris Gregory scores
Robert O'Connor scores
Batting: RHB Keith Fish 0-0: Ball
1-0: Fly out, F8 (Line Drive, 8RM)
Bottom of the 1st over - 4 run(s), 2 hit(s), 0 error(s), 1 left on base; Seattle 0 - Thunder Bay 4
TOP OF THE 2ND
Seattle Aviators batting - Pitching for Thunder Bay Northern Lions BC : RHP Jorge Castillo
Batting: RHB Sean Davis 0-0: Swinging Strike
0-1: Foul Ball, location: 2F
0-2: Foul Ball, location: 2F
0-2: Ball
1-2: Hit by Pitch
Batting: RHB Tynan Hawkins 0-0: Called Strike
0-1: Swinging Strike
0-2: Foul Ball, location: 2F
0-2: Ball
1-2: Ball
2-2: Foul Ball, location: 2F
2-2: Foul Ball, location: 2F
2-2: Strikes out swinging
Batting: RHB Kenzaburo Hori 0-0: Ball
1-0: Foul Ball, location: 2F
1-1: Foul Ball, location: 2F
1-2: Ball
2-2: Foul Ball, location: 2F
2-2: Strikes out swinging
Batting: RHB Bobby Christopher 0-0: Fielders Choice at 2nd, 4-6 (Groundball, 4)
Top of the 2nd over - 0 run(s), 0 hit(s), 0 error(s), 0 left on base; Seattle 0 - Thunder Bay 4
BOTTOM OF THE 2ND
Thunder Bay Northern Lions BC batting - Pitching for Seattle Aviators : RHP Ron Stone
Batting: SHB Arnold Griffith 0-0: Ground out 4-3 (Groundball, 4)
Batting: LHB David Smith 0-0: Swinging Strike
0-1: Ball
1-1: SINGLE (Line Drive, 4MD)
Batting: LHB John Brewer 0-0: Ball
1-0: Foul Ball, location: 2F
1-1: Foul Ball, location: 2F
1-2: Strikes out looking
Batting: SHB Carlos Rodríguez 0-0: Fly out, F7 (Flyball, 7S)
Bottom of the 2nd over - 0 run(s), 1 hit(s), 0 error(s), 1 left on base; Seattle 0 - Thunder Bay 4
TOP OF THE 3RD
Seattle Aviators batting - Pitching for Thunder Bay Northern Lions BC : RHP Jorge Castillo
Batting: LHB Ramón García 0-0: Fly out, F7 (Flyball, 78M)
Batting: RHB John MacGregor 0-0: Foul Ball, location: 2F
0-1: Ball
1-1: Ball
2-1: Fly out, F8 (Flyball, 8RD)
Batting: LHB Tim Hargrove 0-0: Called Strike
0-1: Ball
1-1: SINGLE (Line Drive, 4MD)
Batting: RHB Jay Parker 0-0: Called Strike
0-1: Foul Ball, location: 2F
0-2: Strikes out swinging
Top of the 3rd over - 0 run(s), 1 hit(s), 0 error(s), 1 left on base; Seattle 0 - Thunder Bay 4
BOTTOM OF THE 3RD
Thunder Bay Northern Lions BC batting - Pitching for Seattle Aviators : RHP Ron Stone
Batting: LHB Chris Gregory 0-0: Foul Ball, location: 2F
0-1: Ground out 6-3 (Groundball, 6)
Batting: RHB Robert O'Connor 0-0: Called Strike
0-1: Called Strike
0-2: Ball
1-2: Ball
2-2: Ball
3-2: Base on Balls
Batting: RHB Nathan Clay 0-0: Called Strike
0-1: Swinging Strike
0-2: Strikes out swinging
Batting: RHB Carlos Padilla 0-0: Ball
1-0: Foul Ball, location: 2F
1-1: Called Strike
1-2: Foul Ball, location: 2F
1-2: Foul Ball, location: 2F
1-2: Ground out 5-3 (Groundball, 56D)
Bottom of the 3rd over - 0 run(s), 0 hit(s), 0 error(s), 1 left on base; Seattle 0 - Thunder Bay 4
TOP OF THE 4TH
Seattle Aviators batting - Pitching for Thunder Bay Northern Lions BC : RHP Jorge Castillo
Batting: LHB Kenny Webster 0-0: Ball
1-0: SOLO HOME RUN (Flyball, 78XD), Distance : 424 ft
Batting: RHB Sean Davis 0-0: Ball
1-0: Called Strike
1-1: Ball
2-1: Ball
3-1: Base on Balls
Batting: RHB Tynan Hawkins 0-0: Ball
1-0: Ball
2-0: Called Strike
2-1: Ball
3-1: Called Strike
3-2: SINGLE (Line Drive, 4D)
Sean Davis to second
Runner from 2nd tries for 3rd, SAFE, throw made to third
Tynan Hawkins to second
Batting: RHB Kenzaburo Hori 0-0: Foul Ball, location: 2F
0-1: Foul Ball, location: 2F
0-2: Ball
1-2: Fly out, F9 (Flyball, 9S)
Batting: RHB Bobby Christopher 0-0: Swinging Strike
0-1: Ball
1-1: Ball
2-1: Ball
3-1: DOUBLE (Line Drive, 8LD)
Sean Davis scores
Tynan Hawkins scores
Batting: LHB Ramón García 0-0: Ball
1-0: Ball
2-0: SINGLE (Line Drive, 89S)
Bobby Christopher to third
Batting: RHB John MacGregor 0-0: Ball
Ramón García steals 2nd base
1-0: Foul Ball, location: 2F
1-1: Ball
2-1: Foul Ball, location: 2F
2-2: Foul Ball, location: 2F
2-2: SINGLE (Flyball, 9LS)
Bobby Christopher scores
Ramón García to third
Runner from 3rd tries for Home, SAFE, no throw
Batting: LHB Tim Hargrove 0-0: Fielders Choice at 2nd, 4-6 (Groundball, 34D)
Batting: RHB Jay Parker 0-0: Ball
1-0: Ball
2-0: Called Strike
2-1: Foul Ball, location: 2F
2-2: Ball
3-2: Strikes out swinging passed ball, reaches first!
Tim Hargrove to second
Batting: LHB Kenny Webster 0-0: Ball
1-0: Called Strike
1-1: Ball
2-1: Foul Ball, location: 2F
2-2: Ball
3-2: Foul Ball, location: 2F
3-2: Base on Balls
Tim Hargrove to third
Jay Parker to second
Batting: RHB Sean Davis 0-0: Swinging Strike
0-1: Swinging Strike
0-2: Strikes out swinging
Top of the 4th over - 5 run(s), 5 hit(s), 0 error(s), 3 left on base; Seattle 5 - Thunder Bay 4
BOTTOM OF THE 4TH
Thunder Bay Northern Lions BC batting - Pitching for Seattle Aviators : RHP Ron Stone
Batting: RHB Keith Fish 0-0: Ball
1-0: Foul Ball, location: 2F
1-1: Foul Ball, location: 2F
1-2: Ground out 5-3 (Groundball, 56S)
Batting: SHB Arnold Griffith 0-0: Called Strike
0-1: Ball
1-1: Fly out, F8 (Flyball, 89D)
Batting: LHB David Smith 0-0: Ball
1-0: Ball
2-0: Foul Ball, location: 2F
2-1: Ball
3-1: Base on Balls
Batting: LHB John Brewer 0-0: Fly out, F5 (Popup, 5L)
Bottom of the 4th over - 0 run(s), 0 hit(s), 0 error(s), 1 left on base; Seattle 5 - Thunder Bay 4
TOP OF THE 5TH
Seattle Aviators batting - Pitching for Thunder Bay Northern Lions BC : RHP Jorge Castillo
Batting: RHB Tynan Hawkins 0-0: Ball
1-0: Ball
2-0: Ball
3-0: Called Strike
3-1: Foul Ball, location: 2F
3-2: Fly out, F8 (Flyball, 78M)
Batting: RHB Kenzaburo Hori 0-0: Ground out 1-3 (Groundball, 15S)
Batting: RHB Bobby Christopher 0-0: Fly out, F3 (Popup, 34)
Top of the 5th over - 0 run(s), 0 hit(s), 0 error(s), 0 left on base; Seattle 5 - Thunder Bay 4
BOTTOM OF THE 5TH
Thunder Bay Northern Lions BC batting - Pitching for Seattle Aviators : RHP Ron Stone
Batting: SHB Carlos Rodríguez 0-0: Ball
1-0: Called Strike
1-1: Ball
2-1: Ball
3-1: Called Strike
3-2: Foul Ball, location: 2F
3-2: Strikes out swinging
Batting: LHB Chris Gregory 0-0: Called Strike
0-1: Called Strike
0-2: Ball
1-2: Foul Ball, location: 2F
1-2: Fly out, F4 (Line Drive, 4)
Batting: RHB Robert O'Connor 0-0: Ball
1-0: Foul Ball, location: 2F
1-1: SINGLE (Groundball, 5D)
Batting: RHB Nathan Clay 0-0: Called Strike
0-1: Ball
1-1: Foul Ball, location: 2F
1-2: Foul Ball, location: 2F
1-2: Ball
2-2: Strikes out swinging
Bottom of the 5th over - 0 run(s), 1 hit(s), 0 error(s), 1 left on base; Seattle 5 - Thunder Bay 4
TOP OF THE 6TH
Seattle Aviators batting - Pitching for Thunder Bay Northern Lions BC : RHP Jorge Castillo
Batting: LHB Ramón García 0-0: Foul Ball, location: 2F
0-1: Swinging Strike
0-2: Ball
1-2: Ground out U3 (Groundball, 3)
Batting: RHB John MacGregor 0-0: Ball
1-0: SINGLE (Groundball, 56D)
Pitching: RHP Ramón Molina
Batting: LHB Tim Hargrove 0-0: Ball
1-0: Foul Ball, location: 2F
1-1: Foul Ball, location: 2F
1-2: Foul Ball, location: 2F
1-2: Strikes out swinging
Batting: RHB Jay Parker 0-0: Foul Ball, location: 2F
0-1: Foul Ball, location: 2F
0-2: Ball
1-2: Foul Ball, location: 2F
1-2: Foul Ball, location: 2F
1-2: Foul Ball, location: 2F
1-2: Strikes out swinging
Top of the 6th over - 0 run(s), 1 hit(s), 0 error(s), 1 left on base; Seattle 5 - Thunder Bay 4
BOTTOM OF THE 6TH
Thunder Bay Northern Lions BC batting - Pitching for Seattle Aviators : RHP Ron Stone
Batting: RHB Carlos Padilla 0-0: Foul Ball, location: 2F
0-1: Ball
1-1: Ground out U3 (Groundball, 34)
Batting: RHB Keith Fish 0-0: Ball
1-0: Ball
2-0: Ball
3-0: Called Strike
3-1: Foul Ball, location: 2F
3-2: Ground out 6-3 (Groundball, 6)
Batting: SHB Arnold Griffith 0-0: Foul Ball, location: 2F
0-1: Fly out, F9 (Flyball, 89M)
Bottom of the 6th over - 0 run(s), 0 hit(s), 0 error(s), 0 left on base; Seattle 5 - Thunder Bay 4
TOP OF THE 7TH
Seattle Aviators batting - Pitching for Thunder Bay Northern Lions BC : RHP Ramón Molina
Batting: LHB Kenny Webster 0-0: Ball
1-0: Ball
2-0: Called Strike
2-1: Ball
3-1: Fly out, F9 (Flyball, 9S)
Batting: RHB Sean Davis 0-0: Called Strike
0-1: Called Strike
0-2: Ball
1-2: Ball
2-2: Strikes out swinging
Batting: RHB Tynan Hawkins 0-0: Foul Ball, location: 2F
0-1: Foul Ball, location: 2F
0-2: Ball
1-2: Ball
2-2: Fly out, F9 (Flyball, 9LM)
Top of the 7th over - 0 run(s), 0 hit(s), 0 error(s), 0 left on base; Seattle 5 - Thunder Bay 4
BOTTOM OF THE 7TH
Thunder Bay Northern Lions BC batting - Pitching for Seattle Aviators : RHP Ron Stone
Batting: LHB David Smith 0-0: Called Strike
0-1: Foul Ball, location: 2F
0-2: Ball
1-2: Foul Ball, location: 2F
1-2: Reached on error, E8 (Flyball, 8RXD)
Pitching: LHP John Keller
Pinch Hitting: RHB Adrian Smith 0-0: Ball
1-0: Sac Bunt - play at first, batter OUT! 5-3
David Smith to second
Batting: SHB Carlos Rodríguez 0-0: Ball
1-0: Called Strike
1-1: Ground out 5-3 (Groundball, 5S)
David Smith to third
Batting: LHB Chris Gregory 0-0: Ball
1-0: Foul Ball, location: 2F
1-1: Ground out 4-3 (Groundball, 4)
Bottom of the 7th over - 0 run(s), 0 hit(s), 1 error(s), 1 left on base; Seattle 5 - Thunder Bay 4
TOP OF THE 8TH
Seattle Aviators batting - Pitching for Thunder Bay Northern Lions BC : RHP Ramón Molina
Now at 1B: Adrian Smith
Batting: RHB Kenzaburo Hori 0-0: Ball
1-0: Called Strike
1-1: Foul Ball, location: 2F
1-2: Strikes out swinging
Batting: RHB Bobby Christopher 0-0: Ball
1-0: Ball
2-0: SINGLE (Groundball, 56D)
Batting: LHB Ramón García 0-0: Swinging Strike
0-1: Ball
1-1: Ball
Wild Pitch!
Bobby Christopher to second
2-1: Foul Ball, location: 2F
2-2: Foul Ball, location: 2F
2-2: Fly out, F8 (Flyball, 89S)
Batting: RHB John MacGregor 0-0: Called Strike
0-1: Ball
1-1: Ground out 4-3 (Groundball, 4)
Top of the 8th over - 0 run(s), 1 hit(s), 0 error(s), 1 left on base; Seattle 5 - Thunder Bay 4
BOTTOM OF THE 8TH
Thunder Bay Northern Lions BC batting - Pitching for Seattle Aviators : LHP John Keller
Pitching: RHP Rex Hood
Batting: RHB Robert O'Connor 0-0: Fly out, F2 (Popup, 23)
Batting: RHB Nathan Clay 0-0: Called Strike
0-1: Ball
1-1: Ground out 6-3 (Groundball, 6)
Batting: RHB Carlos Padilla 0-0: Foul Ball, location: 2F
0-1: Swinging Strike
0-2: Ball
1-2: Ball
2-2: SINGLE (Groundball, 56D)
Batting: RHB Keith Fish 0-0: Called Strike
0-1: DOUBLE (Flyball, 89XD)
Carlos Padilla to third
Runner from 3rd tries for Home, SAFE, no throw
Batting: SHB Arnold Griffith 0-0: Ball
1-0: Ball
2-0: Called Strike
2-1: SINGLE (Line Drive, 6MD)
Keith Fish to third
Runner from 3rd tries for Home, SAFE, no throw
Batting: LHB David Smith 0-0: Ball
1-0: Ball
2-0: SINGLE (Flyball, 9S)
Arnold Griffith to second
Runner from 2nd tries for 3rd, SAFE, throw made to third
Batting: RHB Adrian Smith 0-0: Ball
1-0: Ball
2-0: Foul Ball, location: 2F
2-1: Foul Ball, location: 2F
2-2: Strikes out swinging, 2-3 out at first.
Bottom of the 8th over - 2 run(s), 4 hit(s), 0 error(s), 2 left on base; Seattle 5 - Thunder Bay 6
TOP OF THE 9TH
Seattle Aviators batting - Pitching for Thunder Bay Northern Lions BC : RHP Ramón Molina
Pitching: RHP Brandon Bannatyne
Batting: LHB Tim Hargrove 0-0: Ball
1-0: Called Strike
1-1: Called Strike
1-2: Strikes out swinging
Batting: RHB Jay Parker 0-0: Foul Ball, location: 2F
0-1: Ball
1-1: SINGLE (Groundball, 25) (infield hit)
Batting: LHB Kenny Webster 0-0: Called Strike
0-1: Ground out 4-3 (Groundball, 34)
Jay Parker to second
Pinch Hitting: RHB Vernon Caw 0-0: Called Strike
0-1: Ball
1-1: Foul Ball, location: 2F
1-2: Ball
2-2: Ground out 5-3 (Groundball, 56S)
Top of the 9th over - 0 run(s), 1 hit(s), 0 error(s), 1 left on base; Seattle 5 - Thunder Bay 6
Friday, December 30th, 2016 - OOTP Baseball 17.12 Build 75